Map: Catalyst LE

Players

MrJoeSmith - Winner!

  • Race: Zerg Zerg
  • League: Gold
  • Spawn Location: 5:00

Test

  • Race: Terran Terran
  • League: Silver
  • Spawn Location: 11:00

VOD

Have the link to the VOD?

Description

Time

  • Played on: May 15, 2018, 7:22 p.m.
  • Length: 8:35
Show
View Real Time Build Order
Export as new Build Order

MrJoeSmith Zerg - Winner!

Build Orders: Hatch First 

Get SALT Encoding   

  12  0:02  Drone  
  13  0:13  Overlord  
  13  0:17  Drone  
  14  0:31  Drone x2  
  16  0:35  Drone  
  17  0:55  Hatchery  
  16  1:09  Spawning Pool  
  15  1:12  Extractor  
  15  1:13  Drone  
  15  1:15  Drone  
  16  1:19  Drone  
  17  1:26  Drone  
  18  1:35  Drone  
  19  1:48  Overlord  
  19  1:56  Queen  
  19  1:59  Drone  
  22  2:07  Queen  
  24  2:14  Zergling x2  
  25  2:18  Zergling x2  
  25  2:20  Zergling x2  
  25  2:21  Metabolic Boost  
  27  2:27  Zergling x2  
  28  2:39  Drone, Spine Crawler  
  28  2:40  Drone  
  29  2:58  Zergling x2  
  29  2:59  Zergling x2  
  29  3:00  Zergling x4  
  33  3:12  Queen  
  35  3:13  Drone  
  35  3:14  Overlord  
  36  3:32  Queen  
  38  3:43  Drone  
  38  3:44  Drone x4  
  38  3:45  Drone  
  44  3:52  Spine Crawler  
  43  3:59  Evolution Chamber  
  42  4:03  Drone  
  44  4:10  Drone  
  43  4:24  Drone  
  44  4:44  Drone x2  
  44  4:45  Drone x5  
  43  4:50  Roach Warren  
  43  4:51  Overlord x2  
  43  4:59  Extractor  
  42  5:01  Extractor  
  42  5:04  Extractor  
  40  5:11  Drone x2  
  40  5:12  Drone x3  
  45  5:29  Lair  
  45  5:30  Roach  
  45  5:31  Roach x6  
  53  5:54  Drone x3  
  53  5:55  Drone  
  53  5:56  Drone x3  
  59  6:06  Zerg Ground Armor Level 1  
  59  6:08  Overlord x3  
  59  6:26  Glial Reconstitution  
  59  6:28  Roach x2  
  59  6:29  Roach x3  
  59  6:30  Roach x3  
  75  6:38  Roach x3  
  75  6:39  Roach  
  83  6:45  Overlord  
  83  6:53  Ravager  
  84  6:55  Overlord  
  84  7:05  Roach x3  
  84  7:06  Roach, Overlord x2  
  92  7:21  Roach x2  
  92  7:22  Roach  
  98  7:26  Spine Crawler  
  98  7:27  Roach x2  
  98  7:29  Ravager  
  103  7:30  Ravager  
  103  7:39  Spire  
  102  7:46  Drone x3  
  105  7:54  Drone x3  
Show
View Real Time Build Order
Export as new Build Order

Test Terran 

Build Orders:  

Get SALT Encoding   

  12  0:00  SCV  
  13  0:12  SCV  
  14  0:22  Supply Depot  
  14  0:24  SCV  
  15  0:29  Refinery  
  15  0:44  SCV  
  15  0:46  Barracks  
  16  0:56  SCV  
  17  1:00  Refinery  
  17  1:08  SCV  
  18  1:21  SCV, Engineering Bay  
  19  1:33  SCV  
  20  1:40  Barracks Reactor  
  20  1:45  Supply Depot  
  20  1:51  Orbital Command  
  20  2:05  Factory  
  20  2:16  Marine x2  
  22  2:27  Factory  
  22  2:33  Marine  
  22  2:34  Marine  
  24  2:57  Command Center  
  24  3:05  Starport  
  24  3:06  SCV  
  25  3:18  SCV, Factory Tech Lab  
  25  3:19  Barracks Tech Lab  
  26  3:28  Hellion  
  26  3:31  Hellion  
  30  3:51  Supply Depot  
  30  4:08  Siege Tank  
  30  4:09  Hellion x2  
  37  4:16  Supply Depot  
  31  4:30  Hellion x2  
  33  4:46  Liberator  
  33  4:51  Hellion x2  
  40  5:52  Hellion x3  
  40  5:55  Marine  
  36  6:04  SCV  
  36  6:07  Orbital Command  
  36  6:13  Marine  
  36  6:14  Siege Tank, Hellion  
  42  6:19  SCV  
  43  6:30  Marine, Hellion  
  46  6:33  SCV  
  46  6:35  SCV, Hellion  
  50  6:45  SCV  
  50  6:46  Siege Tank  
  54  7:01  Marine  
  55  7:03  SCV  
  55  7:04  SCV  
  51  7:15  SCV  
  51  7:16  SCV  
  51  7:18  Siege Tank  
  51  7:19  Marine  
  57  7:22  Starport Tech Lab  
  57  7:28  SCV x2  
  59  7:36  Marine  
  60  7:40  SCV, Barracks  
  61  7:47  SCV, Barracks  
  62  7:54  Refinery  
  62  7:56  Refinery  
  62  8:04  Command Center  
  62  8:08  Marine, SCV x2, Supply Depot x2  
  62  8:11  Supply Depot  
  62  8:12  Supply Depot  
  44  8:20  SCV  
  44  8:27  Barracks  
Tags
 
Add a new tag
Caveats
  • Supply blocks, unpowered buildings, or Contaminate may cause inaccurate times.
  • Supply counts are checked every 10 seconds.